 Dungeon Crawl Stone Soup version 0.30-a0-1066-g63dfefce0d (webtiles) character file.

Game seed: 8311733157832607925

1468180 Zeldest the Acrobat (level 26, 179/179 HPs)
             Began as a Tengu Fighter on Apr 12, 2023.
             Was a High Priest of Trog.
             Escaped with the Orb
             ... and 3 runes!
             The game lasted 03:18:35 (86497 turns).

Zeldest the Acrobat (Tengu Fighter)                Turns: 86497, Time: 03:18:35

Health: 179/179    AC: 38    Str: 18    XL:     26   Next: 54%
Magic:  21/21      EV: 18    Int: 12    God:    Trog [*****.]
Gold:   1977       SH: 25    Dex: 23    Spells: 25/25 levels left

rFire   + + .      SeeInvis +    a - +9 sword of Zonguldrok {reap}
rCold   + + +      Faith    .    n - +0 tower shield
rNeg    + + +      Spirit   .    M - +10 gold dragon scales
rPois   +          Reflect  .    T - +2 hat
rElec   .          Rampage  .    R - scarf "Piannur" {shadows, rN++ Int+2}
rCorr   .          Clarity  +    f - +0 pair of gloves of Daisies {rC+ rN+}
Will    ++++.                    (boots unavailable) Stlth
                                 L - amulet of the Four Winds {rN+ Will+++ Clar}
HPRegen 0.49/turn                S - ring "Xealeece" {rC+ SInv}
MPRegen 0.17/turn                C - ring of the Antique God {rF+ rN++}

@: flying quickly and evasively, studying 5 skills, quick
A: beak, talons 3, nimble flight, low MP 1, sense surroundings 1, poison
resistance, subdued magic 1
0: Orb of Zot
}: 3/15 runes: decaying, serpentine, slimy
a: Renounce Religion, Berserk, Trog's Hand, Brothers in Arms


You escaped.
You worshipped Trog.
Trog was extremely pleased with you.
You visited 10 branches of the dungeon, and saw 51 of its levels.
You visited 2 bazaars.
You also visited: Trove, Ice Cave and Wizlab.

You collected 7289 gold pieces.
You spent 5312 gold pieces at shops.

Inventory:

Hand Weapons
 a - the +9 sword of Zonguldrok (weapon) {reap}
   (You found it in a wizard's laboratory)
 b - the +3 greatsling "Punk" {acid, rCorr}
   (You bought it in a shop on level 2 of the Orcish Mines)

   rCorr:     It protects you from acid and corrosion.
 i - the +3 double sword of Memy {antimagic, Drain rElec rF++ Str+3}
   (Trog gifted it to you on level 1 of the Vaults)

   Str:       It affects your strength (+3).
   rF:        It greatly protects you from fire.
   rElec:     It insulates you from electricity.
   Drain:     It drains your maximum health when unequipped.
 w - a +9 spectral demon blade
 W - the +8 trishula "Condemnation" {holy, anguish, *Noise Fly rN+}
   (You found it on level 5 of the Pits of Slime)

   rN:        It protects you from negative energy.
   Fly:       It grants you flight.
   *Noise:    It may make noises in combat.
Missiles
 E - a throwing net (quivered)
Armour
 f - the +0 pair of gloves of Daisies (worn) {rC+ rN+}
   (You bought it in a shop in a bazaar)

   rC:        It protects you from cold.
   rN:        It protects you from negative energy.
 n - a +0 tower shield (worn)
 M - +10 gold dragon scales (worn)
 R - the scarf "Piannur" (worn) {shadows, rN++ Int+2}
   (You found it on level 2 of the Snake Pit)

   Int:       It affects your intelligence (+2).
   rN:        It greatly protects you from negative energy.
 T - a +2 hat (worn)
Jewellery
 c - the ring of the Piercing Fool {rN+ rCorr Stlth+}
   (You bought it in a shop in a bazaar)

   [ring of resist corrosion]

   rN:        It protects you from negative energy.
   rCorr:     It protects you from acid and corrosion.
   Stlth:     It makes you more stealthy.
 y - the ring of the Hare {EV+10}
   (You found it on level 1 of the Swamp)

   [ring of evasion]

   EV:        It affects your evasion (+10).
 C - the ring of the Antique God (right hand) {rF+ rN++}
   (You found it on level 13 of the Dungeon)

   [ring of protection from fire]

   rF:        It protects you from fire.
   rN:        It greatly protects you from negative energy.
 K - a ring of poison resistance
 L - the amulet of the Four Winds (around neck) {rN+ Will+++ Clar}
   (You bought it in a shop in a bazaar)

   [amulet of nothing]

   rN:        It protects you from negative energy.
   Clar:      It protects you against confusion.
   Will:      It greatly increases your willpower.
 N - the ring "Viog" {rF+ Str+6}
   (You found it on level 5 of the Pits of Slime)

   [ring of protection from fire]

   Str:       It affects your strength (+6).
   rF:        It protects you from fire.
 S - the ring "Xealeece" (left hand) {rC+ SInv}
   (You found it on level 2 of the Snake Pit)

   [ring of see invisible]

   rC:        It protects you from cold.
   SInv:      It lets you see invisible.
Wands
 g - a wand of roots (15)
 s - a wand of digging (14)
 v - a wand of charming (16)
 H - a wand of quicksilver (18)
Scrolls
 k - a scroll of magic mapping
 o - 11 scrolls of noise
 p - 11 scrolls of immolation
 t - 3 scrolls of enchant weapon
 u - 23 scrolls of teleportation
 x - 2 scrolls of torment
 z - 4 scrolls of silence
 A - 8 scrolls of poison
 B - 3 scrolls of butterflies
 P - 4 scrolls of blinking
 V - a scroll of vulnerability
 X - 8 scrolls of fog
 Y - 7 scrolls of fear
Potions
 d - 12 potions of might
 e - 3 potions of mutation
 h - 2 potions of resistance
 j - 2 potions of cancellation
 l - 7 potions of berserk rage
 q - 6 potions of attraction
 r - 4 potions of heal wounds
 F - 10 potions of lignification
 G - 2 potions of ambrosia
 J - 3 potions of magic
 O - 11 potions of curing
 U - 2 potions of invisibility
 Z - 2 potions of haste
Miscellaneous
 m - a condenser vane
 D - a box of beasts
 I - a phantom mirror


   Skills:
 - Level 22.1 Fighting
 - Level 15.4 Long Blades
 - Level 14.0 Polearms
 - Level 14.0 Ranged Weapons
 - Level 22.4 Armour
 - Level 23.7 Dodging
 + Level 23.2 Shields


You had 25 spell levels left.
You didn't know any spells.
Your spell library contained the following spells:

 Spells                   Type           Power      Damage    Failure   Level
 Beastly Appendage        Tmut           0%         N/A       100%        1
 Freeze                   Ice            0%         1d3       100%        1
 Kiss of Death            Conj/Necr      0%         2d5       100%        1
 Magic Dart               Conj           0%         1d3       100%        1
 Necrotise                Necr           0%         1d4       100%        1
 Slow                     Hex            0%         N/A       100%        1
 Call Imp                 Summ           0%         N/A       100%        2
 Cigotuvi's Dreadful Rot  Necr/Pois/Air  0%         N/A       100%        2
 Ensorcelled Hibernation  Hex/Ice        0%         N/A       100%        2
 Poisonous Vapours        Pois/Air       0%         N/A       100%        2
 Scorch                   Fire           0%         2d5       100%        2
 Static Discharge         Conj/Air       0%         2-2/arc   100%        2
 Wereblood                Tmut           0%         N/A       100%        2
 Confusing Touch          Hex            0%         N/A       100%        3
 Dazzling Flash           Conj/Hex       0%         N/A       100%        3
 Frozen Ramparts          Ice            0%         1d1       100%        3
 Hailstorm                Conj/Ice       0%         3d3       100%        3
 Ignite Poison            Fire/Tmut/Pois 0%         N/A       100%        3
 Mephitic Cloud           Conj/Pois/Air  0%         N/A       100%        3
 Spider Form              Tmut/Pois      0%         N/A       100%        3
 Stone Arrow              Conj/Erth      0%         3d7       100%        3
 Vampiric Draining        Necr           0%         2d6       100%        3
 Volatile Blastmotes      Fire/Tloc      0%         2d10      100%        3
 Anguish                  Hex/Necr       0%         N/A       100%        4
 Animate Armour           Summ/Erth      0%         N/A       100%        4
 Animate Dead             Necr           0%         N/A       100%        4
 Cause Fear               Hex            0%         N/A       100%        4
 Dispel Undead            Necr           0%         3d6       100%        4
 Flame Wave               Conj/Fire      0%         2d4       100%        4
 Iskenderun's Mystic Bla  Conj/Tloc      0%         2d3       100%        4
 Manifold Assault         Tloc           0%         N/A       100%        4
 Summon Ice Beast         Ice/Summ       0%         N/A       100%        4
 Agony                    Necr           0%         N/A       100%        5
 Blade Hands              Tmut           0%         N/A       100%        5
 Freezing Cloud           Conj/Ice/Air   0%         6-21      100%        5
 Irradiate                Conj/Tmut      0%         3d11      100%        5
 Summon Forest            Summ/Tloc      0%         N/A       100%        5
 Summon Mana Viper        Hex/Summ       0%         N/A       100%        5
 Dispersal                Tloc           0%         N/A       100%        6
 Eringya's Noxious Bog    Tmut/Pois      0%         N/A       100%        6
 Iron Shot                Conj/Erth      0%         9d1       100%        6
 Starburst                Conj/Fire      0%         6d3       100%        6
 Summon Cactus Giant      Summ           0%         N/A       100%        6
 Dragon Form              Tmut           0%         N/A       100%        7
 Haunt                    Necr/Summ      0%         N/A       100%        7
 Malign Gateway           Summ/Tloc      0%         N/A       100%        7
 Monstrous Menagerie      Summ           0%         N/A       100%        7
 Summon Hydra             Summ           0%         N/A       100%        7
 Disjunction              Tloc           0%         N/A       100%        8
 Ignition                 Fire           0%         3d3       100%        8
 Infestation              Necr           0%         N/A       100%        8
 Summon Horrible Things   Summ           0%         N/A       100%        8
 Dragon's Call            Summ           0%         N/A       100%        9


Dungeon Overview and Level Annotations

Branches:
Dungeon (15/15)            Temple (0/1) D:7            Lair (5/5) D:9
  Swamp (4/4) Lair:2        Snake (4/4) Lair:3        Slime (5/5) Lair:4
    Orc (2/2) D:12            Elf (3/3) Orc:2        Vaults (4/5) D:13
  Crypt (0/3) Vaults:3     Depths (4/4) D:15            Zot (5/5) Depths:4
  IceCv (visited)          WizLab (visited)

Altars:
Ashenzari
Cheibriados
Dithmenos
Elyvilon
Fedhas
Hepliaklqana
Makhleb
Okawaru
Qazlal
Ru
Sif Muna
Trog
Wu Jian
Xom
Yredelemnul
Zin
Jiyva

Shops:
D:1 *   D:3 (**   D:8 [   Orc:2 =(**   Elf:2 :   Snake:2 *(   Vaults:2 [*==
Vaults:4 :   Depths:3 ?=(

Portals:
Hell: Depths:1 Depths:2 Depths:3 Depths:4
Abyss: Depths:2 Depths:3 Depths:4
Pandemonium: Orc:2 Depths:2 Depths:3
Ziggurat: Depths:1

Annotations:
D:13 1 runed translucent door, Coanextu's ghost, journeyman HOFi
Swamp:4 1 runed translucent door, cforsyth's ghost, adept OpSu
Snake:1 2 transporters, Roxanne; Tylifoqe's ghost, adept MiBe
Snake:4 4 exclusions
Elf:2 5 runed translucent doors


Innate Abilities, Weirdness & Mutations

You have a beak for a mouth.
You have claws for feet.
Your magical nature lets you fly swiftly and evasively.
Your magical capacity is low. (-10% MP)
You passively map a small area around you.
Your system is resistant to poisons. (rPois)
Your spells are a little easier to cast, but a little less powerful.


Message History

An Ireph, a sun demon and a lich come into view.
Okay, then.
Press: ? - help, v - describe, . - travel
Here: Ireph The floor.
You feel yourself speed up.
The sun demon shouts!
The lich shouts!
The lich casts a spell.
The lich seems to speed up.
There is a stone staircase leading up here.
You fly upwards.
There is a stone staircase leading down here.
(D) Dungeon (T) Temple (L) Lair (S) Swamp (P) Snake Pit (M) Slime Pits (O) Orcish Mines (E) Elven Halls (V) Vaults (C) Crypt (U) Depths (H) Hell (Z) Zot
Where to? (Enter - D:1, ? - help)
What level of the Dungeon? (default 1, ? - help)
There is a stone staircase leading up here.
You fly upwards.
Your extra speed is starting to run out.
There is a stone staircase leading down here.
There is a stone staircase leading up here.
You fly upwards.
You feel yourself slow down.
There is a stone staircase leading down here.
There is a stone staircase leading up here.
You fly upwards.
There is a stone staircase leading down here.
There is a stone staircase leading up here.
You fly upwards.
There is a stone staircase leading down here.
There is an escape hatch in the floor here.
There is an open door here.
There is an open door here.
There is a stone staircase leading up here.
You fly upwards.
There is a stone staircase leading down here.
There is a staircase leading out of the dungeon here.
You have escaped!

....##...#.#.#.#.#.#.#.#...#
......)##...............####
.......#..........#......#
.......##.......#.......## ##
....##.#......#....#.....#######.
...###.##...#...........###......
#### #.#..#...#.#.#.#....##...###
#.##...............####...## ##
#.#...#..#.@.#..#...# ##...# .#
#.##...............## ##...
.#####.#....#.#.#.#...#..# ##..
.......##...........#...## ##)
'#.....#.....#....#......# #.
.......##.......#.......## #.
.......#......#..........# #.
...#+#.##...............#### #.
...#.....#.#.#.#.#.#.#.#...#####.


There were no monsters in sight!

Vanquished Creatures
  Dissolution (Slime:2)
  the Royal Jelly (Slime:5)
  4 dread liches
  Mara (Vaults:4)
  3 orbs of fire
  2 ancient liches
  2 Killer Klowns (Zot:5)
  2 caustic shrikes (Depths:4)
  6 golden dragons
  the Enchantress (Depths:2)
  2 electric golems (Zot:4)
  Zenata (Elf:1)
  11 tentacled monstrosities
  A lich (Depths:4)
  2 acid blobs (Slime:5)
  2 quicksilver dragons
  3 walking frostbound tomes
  A deep elf blademaster (Elf:3)
  A deep elf master archer (Elf:3)
  Asterion (D:13)
  21 Orb Guardians
  2 walking divine tomes (Zot:1)
  7 death cobs
  5 sphinxes
  3 tengu reavers
  5 shadow dragons
  3 draconian monks
  5 storm dragons
  6 draconian knights
  A fenstrider witch (Swamp:3)
  3 narguns (Zot:1)
  7 azure jellies
  5 rockslimes
  8 nagarajas
  4 fire giants
  6 frost giants
  An iron dragon (Depths:2)
  The ghost of cforsyth the Zephyrmancer, an adept OpSu of Gozag (D:14)
  5 deep elf sorcerers
  2 balrugs
  A caustic shrike zombie (Depths:3)
  2 draconian scorchers
  A ghost moth (Zot:5)
  9 vault wardens
  14 ironbound preservers
  2 draconian shifters
  2 orc warlords
  2 deep elf elementalists (Elf:3)
  A ghoul (Vaults:3)
  2 quicksilver oozes (Slime:5)
  7 draconian annihilators
  3 spriggan defenders
  3 draconian stormcallers
  8 stone giants
  15 very ugly things
  10 ironbound thunderhulks
  A caustic shrike skeleton (Depths:3)
  4 deep elf demonologists
  2 vampire knights (Depths:3)
  4 deep elf annihilators
  3 black draconians
  6 green draconians
  2 eleionomae
  6 purple draconians
  3 bunyips
  10 red draconians
  11 white draconians
  9 yellow draconians
  21 dire elephants
  2 spark wasps (Depths:3)
  2 ettins
  5 deep elf death magi
  5 jiangshi (Depths:1)
  A blizzard demon (Depths:3)
  A shambling mangrove (Swamp:1)
  6 deep elf high priests
  3 merfolk impalers (Depths:4)
  2 entropy weavers
  A merfolk javelineer (Depths:4)
  6 fire dragons
  9 vault guards
  11 yaktaur captains
  4 salamander tyrants
  10 ice dragons
  7 great orbs of eyes
  4 spriggan air magi
  3 rakshasas
  A demonspawn (Orc:2)
  6 two-headed ogres
  A caustic shrike simulacrum (IceCv)
  2 ghost crabs (Swamp:3)
  Erica (D:11)
  10 hydras
  23 centaur warriors
  5 deep troll shamans
  10 anacondas
  12 alligators
  5 catoblepae
  12 ironbound frosthearts
  12 death yaks
  13 dancing weapons
  2 boulder beetles
  8 deep troll earth magi
  5 orc high priests
  8 tengu warriors
  13 naga warriors
  Urug (Lair:5)
  4 vampire magi
  Sonja (D:11)
  19 naga sharpshooters
  18 spriggans
  4 spriggan berserkers
  7 deep elf knights
  A storm dragon zombie (Depths:3)
  3 sun demons
  12 hell knights
  12 shock serpents
  13 skeletal warriors
  2 soul eaters
  5 salamander mystics
  A storm dragon skeleton (Depths:3)
  4 sixfirhies
  A spriggan rider (Depths:4)
  5 swamp dragons
  2 skysharks
  5 goliath frogs
  9 iron trolls
  A shadow demon (Depths:3)
  45 deep trolls
  6 spriggan druids
  3 glowing orange brains
  10 wizards
  8 naga ritualists
  2 bog bodies
  7 necromancers
  A tengu zombie (Depths:3)
  16 deep elf archers
  19 deep elf pyromancers
  3 orange crystal statues
  20 ironbound convokers
  11 mana vipers
  2 lindwurms (Vaults:3)
  4 will-o-the-wisps
  A frost giant zombie (D:14)
  16 deep elf zephyrmancers
  9 orc knights
  52 ugly things
  13 orc sorcerers
  7 salamanders
  6 cyclopes
  4 manticores
  15 moths of wrath
  2 spectral spriggans (D:14)
  A shining eye (Slime:4)
  39 black mambas
  2 rust devils
  8 elephants
  18 naga magi
  13 vault sentinels
  A fire giant skeleton (Depths:3)
  An orange demon (Depths:2)
  4 guardian serpents (Snake:2)
  A torpor snail (Swamp:3)
  7 cane toads
  A smoke demon (Orc:2)
  An eye of devastation (Slime:4)
  2 kobold demonologists (D:11)
  3 unseen horrors
  A rime drake (shapeshifter) (Depths:4)
  2 ice devils (Depths:3)
  3 rime drakes
  2 tengu conjurers
  A yaktaur zombie (Vaults:4)
  2 spriggan zombies
  7 freezing wraiths
  6 komodo dragons
  An anaconda simulacrum (IceCv)
  An efreet (D:14)
  A red devil (Depths:3)
  21 yaktaurs
  A yaktaur (shapeshifter) (D:14)
  A golden dragon simulacrum (IceCv)
  5 trolls
  A tengu simulacrum (Depths:3)
  A troll (shapeshifter) (D:13)
  8 tyrant leeches
  A tarantella (shapeshifter) (Depths:3)
  20 hornets
  17 blink frogs
  13 dream sheep (Lair:5)
  A fire giant simulacrum (D:14)
  A stone giant simulacrum (D:14)
  13 water elementals
  65 slime creatures
  A slime creature (shapeshifter) (Elf:2)
  A centaur simulacrum (D:14)
  4 vampires (WizLab)
  4 ynoxinuls
  3 air elementals
  3 wraiths
  3 wyverns
  24 yaks
  A basilisk (shapeshifter) (Elf:1)
  2 fire elementals (Elf:2)
  A basilisk (Lair:5)
  6 golden eyes
  2 redbacks (Vaults:1)
  2 chaos spawn
  6 swamp worm simulacra (Swamp:4)
  A golden eye (shapeshifter) (Elf:1)
  Menkaure (D:7)
  A spriggan simulacrum (D:14)
  5 two-headed ogre zombies (WizLab)
  9 vampire mosquitoes
  2 harpy simulacra (IceCv)
  14 hydra simulacra (Swamp:4)
  53 nagas
  5 wargs
  14 swamp worms
  An acid dragon (D:8)
  2 glowing shapeshifter zombies (D:14)
  19 water moccasins
  2 floating eyes (Depths:3)
  2 ice beasts
  4 swamp drakes (Swamp:2)
  2 sky beasts
  36 orc warriors
  2 black bears (Lair:2)
  5 ogres
  3 boggarts (Vaults:2)
  18 centaurs
  A wolf (Vaults:4)
  5 kobold brigands
  15 bullfrogs
  4 scorpions
  3 earth elementals
  2 gnoll sergeants
  11 wights
  8 troll zombies (WizLab)
  A human simulacrum (Vaults:4)
  12 killer bees
  An electric eel (Lair:4)
  6 howler monkeys
  27 orc priests
  A hound (D:4)
  2 jellies
  2 gnoll boudas
  An iron imp (D:9)
  2 sleepcaps
  5 iguanas
  14 orc wizards
  4 ogre zombies (WizLab)
  12 gnolls
  12 adders
  2 shadow imps (D:6)
  A white imp (D:7)
  An ufetubus (D:5)
  2 swamp drake simulacra (Swamp:4)
  A worm (D:5)
  2 dart slugs (D:2)
  76 orcs
  5 ball pythons
  6 endoplasms
  A giant cockroach (D:1)
  5 goblins
  9 hobgoblins
  A jackal (D:4)
  7 quokkas
  8 bats
  6 frilled lizards
  28 kobolds
  4 rats
1833 creatures vanquished.

Vanquished Creatures (collateral kills)
  An ancient lich (Zot:5)
  Vv (Depths:2)
  3 caustic shrikes (Depths:4)
  A deep elf blademaster (Elf:3)
  4 Orb Guardians (Zot:5)
  A titan (Depths:4)
  2 acid blobs (Slime:5)
  An ancient champion (WizLab)
  Agnes (Elf:1)
  A death cob (Zot:2)
  2 storm dragons
  A nagaraja (Snake:3)
  A draconian monk (Zot:4)
  2 azure jellies (Slime:5)
  A deep elf sorcerer (Elf:3)
  3 rockslimes (Slime:5)
  A frost giant (Depths:2)
  A fire giant (Depths:4)
  2 vault wardens (Vaults:1)
  3 ironbound preservers
  A quicksilver ooze (Slime:5)
  A spriggan defender (Depths:2)
  2 white draconians
  A deep elf annihilator (Elf:3)
  A dire elephant (Vaults:1)
  A deep elf death mage (Elf:3)
  A hydra (Lair:5)
  A spriggan air mage (Depths:2)
  A vault guard (Vaults:1)
  4 caustic shrike simulacra (IceCv)
  2 ice dragons
  A centaur warrior (Vaults:1)
  A death yak (Lair:5)
  A deep troll earth mage (Depths:2)
  A spriggan berserker (Depths:4)
  A deep elf knight (Elf:3)
  3 iron trolls
  A skeletal warrior (WizLab)
  9 deep trolls
  A glowing orange brain (Depths:3)
  A spriggan druid (Swamp:3)
  A deep elf archer (Elf:3)
  A deep elf pyromancer (Elf:3)
  4 deep elf zephyrmancers (Elf:3)
  3 ugly things
  A harpy (shapeshifter) (D:11)
  2 necromancers (Depths:1)
  A manticore (Lair:5)
  2 shining eyes (Slime:5)
  2 moths of wrath
  An eye of devastation (Slime:4)
  2 vault sentinels
  A kobold demonologist (D:11)
  2 gargoyles (D:11)
  A komodo dragon (D:11)
  2 yaktaurs (Vaults:4)
  A freezing wraith (IceCv)
  An anaconda simulacrum (IceCv)
  A hornet (Depths:2)
  2 dream sheep (Lair:5)
  14 slime creatures
  An air elemental (Elf:3)
  3 spriggans
  4 yaks (Lair:5)
  3 dire elephant simulacra (IceCv)
  2 harpy simulacra (IceCv)
  A naga (Snake:3)
  2 orc warriors (Orc:2)
  A bullfrog (D:9)
  An earth elemental (Elf:3)
  An ogre simulacrum (Vaults:4)
  A killer bee (D:9)
  3 orc priests (Orc:2)
  3 orcs (Orc:2)
140 creatures vanquished.

Vanquished Creatures (others)
  2 ancient liches (Zot:5)
  An orb of fire (Zot:5)
  A Killer Klown (Zot:5)
  2 curse toes (Zot:1)
  A golden dragon (Zot:4)
  A jelly zombie (Slime:5)
  A deep elf elementalist (Elf:3)
  A caustic shrike zombie (Depths:4)
  A rockslime zombie (Slime:5)
  A deep elf annihilator (Elf:3)
  A very ugly thing zombie (Depths:2)
  8 Orb Guardian zombies (Zot:5)
  A caustic shrike simulacrum (IceCv)
  A titan zombie (Depths:4)
  An azure jelly zombie (Slime:5)
  A quicksilver ooze zombie (Slime:5)
  A deep elf knight (Elf:1)
  2 storm dragon zombies
  2 ogre zombies (Vaults:4)
  A ghost moth zombie (Zot:5)
  2 golden dragon zombies
  A swamp dragon (Swamp:4)
  A deep elf pyromancer (Elf:1)
  6 ugly thing zombies
  3 draconian zombies
  A moth of wrath (Zot:1)
  2 frost giant zombies
  A yellow draconian zombie (Zot:1)
  2 white draconian zombies
  A black draconian zombie (Zot:5)
  A red draconian zombie (Zot:5)
  An iron troll zombie (Depths:2)
  A purple draconian zombie (Zot:5)
  A bloated husk (Swamp:1)
  2 great orb of eyes zombies
  3 moth of wrath zombies
  4 human zombies
  6 spriggan zombies
  A slime creature zombie (Vaults:4)
  11 deep troll zombies
  3 tengu zombies
  16 elf zombies (Elf:3)
  A rime drake zombie (Depths:4)
  3 yaktaur zombies (Vaults:4)
  3 killer bees (D:9)
  A wolf zombie (Vaults:4)
  An orc wizard (D:6)
  A white imp (Vaults:4)
  A bush (Lair:5)
  14 foxfires
  23 fungi
  116 plants
265 creatures vanquished.

Grand Total: 2238 creatures vanquished

Notes
Turn   | Place    | Note
-------+----------+-------------------------------------------
     0 | D:1      | Zeldest the Tengu Fighter began the quest for the Orb.
     0 | D:1      | Reached XP level 1. HP: 14/14 MP: 2/2
    49 | D:1      | Found a faded altar of an unknown god.
    85 | D:1      | Prayed at the altar of an unknown god.
    85 | D:1      | Became a worshipper of Trog the Wrathful
    85 | D:1      | Reached * piety under Trog
   206 | D:1      | Reached XP level 2. HP: 18/19 MP: 3/3
   525 | D:1      | Found Butel's General Store.
   889 | D:2      | Reached XP level 3. HP: 23/23 MP: 4/4
   905 | D:2      | Reached ** piety under Trog
  1495 | D:3      | Found a blossoming altar of Fedhas.
  1499 | D:3      | Reached XP level 4. HP: 28/28 MP: 5/5
  1667 | D:3      | Found Ebohop's Weapon Shop.
  1716 | D:3      | Found Wifuifil's General Store.
  1802 | D:3      | Found Voysh's General Store.
  1942 | D:3      | Found a burning altar of Makhleb.
  1942 | D:3      | Noticed a cacodemon
  2260 | D:4      | Reached *** piety under Trog
  2267 | D:4      | Gained mutation: Your magical nature lets you fly swiftly
                  | and evasively. [Tengu growth]
  2267 | D:4      | Reached XP level 5. HP: 33/33 MP: 6/6
  2326 | D:4      | Reached skill level 5 in Long Blades
  2859 | D:4      | Found a sacrificial altar of Ru.
  2867 | D:4      | Reached XP level 6. HP: 39/39 MP: 7/7
  2963 | D:5      | Entered Level 5 of the Dungeon
  3143 | D:5      | Found a broken altar of Ashenzari.
  3270 | D:5      | Reached skill level 5 in Fighting
  3270 | D:5      | Reached XP level 7. HP: 35/44 MP: 8/8
  3271 | D:5      | Found a shimmering altar of Xom.
  3271 | D:5      | Found a glowing silver altar of Zin.
  3271 | D:5      | Noticed an angel
  3554 | D:5      | Reached XP level 8. HP: 51/51 MP: 9/9
  3773 | D:5      | Reached **** piety under Trog
  3810 | D:5      | Found a shimmering blue altar of Sif Muna.
  4572 | D:6      | Reached skill level 10 in Long Blades
  4751 | D:6      | Reached XP level 9. HP: 43/57 MP: 10/10
  4901 | D:6      | Found a hazy altar of Hepliaklqana.
  5351 | D:7      | Noticed Menkaure
  5391 | D:7      | Killed Menkaure
  5908 | D:7      | Found a staircase to the Ecumenical Temple.
  6306 | D:7      | Noticed a two-headed ogre
  6314 | D:7      | Killed a two-headed ogre
  6669 | D:8      | Reached XP level 10. HP: 65/65 MP: 11/11
  7045 | D:8      | Found Togruc's Specialty Armours.
  7166 | D:8      | Found a basalt altar of Yredelemnul.
  7624 | D:9      | Found a snail-covered altar of Cheibriados.
  7651 | D:9      | Reached ***** piety under Trog
  8017 | D:9      | Noticed a two-headed ogre
  8031 | D:9      | Killed a two-headed ogre
  8032 | D:9      | Reached skill level 1 in Dodging
  8157 | D:9      | Found a shadowy altar of Dithmenos.
  8189 | D:9      | Noticed a red ugly thing
  8222 | D:9      | Killed a red ugly thing
  8677 | D:9      | Found a stormy altar of Qazlal.
  8821 | D:9      | Found a staircase to the Lair.
  8975 | D:10     | Entered Level 10 of the Dungeon
  9531 | D:10     | Reached XP level 11. HP: 15/72 MP: 12/12
  9816 | D:10     | Found an ornate altar of the Wu Jian Council.
 10002 | D:10     | Reached skill level 5 in Armour
 10523 | D:11     | Reached skill level 10 in Fighting
 10530 | D:11     | Noticed a harpy
 10533 | D:11     | Killed a harpy
 10608 | D:11     | Noticed a manticore
 10637 | D:11     | Reached skill level 5 in Dodging
 10689 | D:11     | Noticed Erica
 10707 | D:11     | Killed Erica
 10863 | D:11     | Noticed Sonja
 10874 | D:11     | Killed Sonja
 11110 | D:11     | Killed a manticore
 11506 | Lair:1   | Entered Level 1 of the Lair of Beasts
 11630 | Lair:1   | Noticed a death yak
 11630 | Lair:1   | Noticed a death yak
 11683 | Lair:1   | Killed a death yak
 11684 | Lair:1   | Reached XP level 12. HP: 60/79 MP: 13/13
 11828 | Lair:1   | Noticed a death yak
 11828 | Lair:1   | Noticed a death yak
 11828 | Lair:1   | Noticed a death yak
 11841 | Lair:1   | Killed a death yak
 11844 | Lair:1   | Killed a death yak
 11845 | Lair:1   | Killed a death yak
 11847 | Lair:1   | Killed a death yak
 13039 | Lair:2   | Reached skill level 15 in Long Blades
 13131 | Lair:2   | Found a staircase to the Swamp.
 13733 | Lair:3   | Noticed a skyshark
 13743 | Lair:3   | Killed a skyshark
 13743 | Lair:3   | Received a gift from Trog
 13829 | Lair:3   | Found a staircase to the Snake Pit.
 14272 | Lair:3   | Noticed a catoblepas
 14280 | Lair:3   | Killed a catoblepas
 14573 | Lair:4   | Reached XP level 13. HP: 86/86 MP: 14/14
 14925 | Lair:4   | Found the crystal ball of Wucad Mu {*channel}
 15394 | Lair:4   | Reached skill level 5 in Shields
 15454 | Lair:4   | Found a viscous altar of Jiyva.
 15454 | Lair:4   | Found a staircase to the Slime Pits.
 15697 | Lair:5   | Entered Level 5 of the Lair of Beasts
 15718 | Lair:4   | Reached skill level 10 in Armour
 16411 | Lair:5   | Reached skill level 10 in Dodging
 16974 | Lair:5   | Reached XP level 14. HP: 82/94 MP: 15/15
 17068 | Lair:5   | Noticed Urug
 17097 | Lair:5   | Killed Urug
 17325 | Lair:5   | Identified the +10 spear of Ethics {heavy, Str+5 Stlth-}
                  | (Trog gifted it to you on level 5 of the Lair of Beasts)
 17325 | Lair:5   | Received a gift from Trog
 18370 | Lair:5   | Reached skill level 10 in Shields
 19430 | D:12     | Found a staircase to the Orcish Mines.
 19490 | Orc:1    | Entered Level 1 of the Orcish Mines
 19565 | Orc:2    | Entered Level 2 of the Orcish Mines
 19589 | Orc:2    | Paralysed by an orc sorcerer for 3 turns
 19797 | Orc:2    | Found Hegreny's General Store.
 19800 | Orc:2    | Found Texzemn's General Store.
 20835 | Orc:2    | Found a staircase to the Elven Halls.
 21250 | Orc:1    | Received a gift from Trog
 21709 | Orc:2    | Reached XP level 15. HP: 83/100 MP: 16/16
 22234 | Orc:2    | Bought the +3 greatsling "Punk" {acid, rCorr} for 500 gold
                  | pieces
 22234 | Orc:2    | Found the +3 greatsling "Punk" {acid, rCorr}
 22249 | Orc:2    | Reached skill level 1 in Ranged Weapons
 22362 | Orc:2    | Paralysed by an orc sorcerer for 4 turns
 22502 | Orc:2    | Found Best's Antique Weapon Boutique.
 22502 | Orc:2    | Found Syokh's Jewellery Shop.
 22503 | Orc:2    | Found a one-way gate leading to the halls of Pandemonium.
 22641 | Orc:2    | Reached skill level 5 in Ranged Weapons
 23840 | D:13     | Identified the ring of the Antique God {rF+ rN++}
 23845 | D:13     | Found a gate to the Vaults.
 23980 | D:13     | Found a runed translucent door.
 23981 | D:13     | Identified the +4 spear "Nafettu" {heavy, rPois rF++ rN++}
 23982 | D:13     | Noticed Coanextu's ghost (journeyman HOFi)
 24764 | D:14     | Received a gift from Trog
 25007 | D:14     | Found a frozen archway.
 25024 | IceCv    | Entered an ice cave
 25036 | IceCv    | Reached skill level 10 in Ranged Weapons
 25089 | IceCv    | Found the +3 hat of Pondering {ponderous, Will+ MP+10
                  | Int+5}
 25524 | IceCv    | Identified the staff of poison "Ewimasit" {*Corrode rPois
                  | rF+ Str+3}
 25658 | D:14     | Found a portal to a secret trove of treasure.
 25714 | D:14     | Reached XP level 16. HP: 90/106 MP: 17/17
 25865 | D:14     | Found a runed translucent gate.
 25865 | D:14     | Found a runed translucent gate.
 25866 | D:14     | Found a runed translucent gate.
 25870 | D:14     | Noticed cforsyth's ghost (adept OpSu)
 26732 | D:15     | Entered Level 15 of the Dungeon
 27808 | D:15     | Found a staircase to the Depths.
 28076 | Snake:1  | Entered Level 1 of the Snake Pit
 28100 | Snake:1  | Identified Roxanne's Lessons on Changing
 28100 | Snake:1  | Noticed Roxanne
 28106 | Snake:1  | Noticed Tylifoqe's ghost (adept MiBe)
 28684 | Orc:2    | Bought a ring of poison resistance for 260 gold pieces
 29134 | Snake:1  | Found a transporter.
 29439 | Snake:1  | Found a white marble altar of Elyvilon.
 29692 | Snake:1  | Found Xiunausch's Distillery.
 30029 | Snake:1  | Found a transporter.
 31112 | Snake:2  | Received a gift from Trog
 31394 | Snake:2  | Noticed a nagaraja
 31453 | Snake:2  | Killed a nagaraja
 31462 | Snake:2  | Identified the scarf "Piannur" {shadows, rN++ Int+2}
 31557 | Snake:2  | Identified the ring "Xealeece" {rC+ SInv}
 31628 | Snake:2  | Noticed a nagaraja
 31636 | Snake:2  | Killed a nagaraja
 31637 | Snake:2  | Reached XP level 17. HP: 112/112 MP: 18/18
 31868 | Snake:2  | Found Liwneamm's Overcharged Wands.
 32172 | Snake:2  | Reached skill level 15 in Fighting
 32518 | Snake:2  | Found Raluxtaxo's Weapon Shoppe.
 33709 | Snake:3  | Reached ****** piety under Trog
 34690 | Snake:3  | Received a gift from Trog
 35101 | Snake:3  | Identified the +5 long sword of the Bear {elec, rPois Int-3
                  | Dex+7}
 35517 | Snake:4  | Entered Level 4 of the Snake Pit
 37629 | Snake:3  | Reached XP level 18. HP: 112/120 MP: 19/19
 37700 | Snake:4  | Reached skill level 15 in Shields
 38005 | Snake:4  | Received a gift from Trog
 38239 | Snake:4  | Reached skill level 15 in Armour
 38763 | Snake:4  | Got a serpentine rune of Zot
 38977 | Lair:2   | Upgraded the game from 0.30-a0-1053-gbd8d5ba0ad to
                  | 0.30-a0-1066-g63dfefce0d
 38978 | Swamp:1  | Entered Level 1 of the Swamp
 39395 | Swamp:1  | Found the ring of the Hare {EV+10}
 39653 | Swamp:1  | Found a burning altar of Makhleb.
 40234 | Swamp:2  | Found an iron altar of Okawaru.
 40254 | Swamp:1  | Reached skill level 15 in Dodging
 40505 | Swamp:2  | You are sucked into a shaft and drop 1 floor!
 41484 | Swamp:3  | Received a gift from Trog
 42183 | Swamp:4  | Entered Level 4 of the Swamp
 42388 | Swamp:4  | Identified the +5 broad axe of the Pits of Slime {heavy,
                  | *Rage Dex+8} (Trog gifted it to you on level 4 of the
                  | Swamp)
 42388 | Swamp:4  | Received a gift from Trog
 42727 | Swamp:4  | Found a runed translucent door.
 42729 | Swamp:4  | Noticed cforsyth's ghost (adept OpSu)
 42744 | Swamp:4  | Reached XP level 19. HP: 127/127 MP: 20/20
 43410 | Swamp:4  | Got a decaying rune of Zot
 43839 | Elf:1    | Entered Level 1 of the Elven Halls
 44017 | Vaults:1 | Entered Level 1 of the Vaults
 44825 | Elf:1    | Paralysed by an air elemental for 1 turns
 45302 | Elf:1    | Noticed Zenata
 45324 | Elf:1    | Killed Zenata
 45708 | Elf:1    | Received a gift from Trog
 46449 | Elf:2    | Noticed Agnes
 46459 | Elf:1    | Killed Agnes
 46547 | Elf:2    | Noticed a Hell Sentinel
 46598 | Elf:2    | Noticed an Ice Fiend
 46701 | Elf:2    | Paralysed by an air elemental for 1 turns
 46707 | Elf:2    | Paralysed by an air elemental for 1 turns
 46917 | Elf:2    | Found Tuafav's Book Emporium.
 47373 | Elf:2    | Found a huge runed translucent gate.
 47373 | Elf:2    | Found a huge runed translucent gate.
 47373 | Elf:2    | Found a huge runed translucent gate.
 47374 | Elf:2    | Found a huge runed translucent gate.
 47374 | Elf:2    | Found a huge runed translucent gate.
 47440 | Elf:3    | Entered Level 3 of the Elven Halls
 48023 | Vaults:1 | Identified the +3 double sword of Memy {antimagic, Drain
                  | rElec rF++ Str+3} (Trog gifted it to you on level 1 of the
                  | Vaults)
 48023 | Vaults:1 | Received a gift from Trog
 48562 | Vaults:1 | Reached XP level 20. HP: 52/136 MP: 7/21
 48879 | Vaults:1 | Received a gift from Trog
 49528 | Vaults:1 | Noticed Asterion
 49586 | D:13     | Killed Asterion
 50028 | Vaults:1 | Received a gift from Trog
 51408 | Vaults:2 | Found a flickering gateway to a bazaar.
 51414 | Bazaar   | Entered a bazaar
 51414 | Bazaar   | Found Funiex's Magic Scroll Boutique.
 51414 | Bazaar   | Found Enerphown's Armour Boutique.
 51414 | Bazaar   | Found Zuotyrarch's Antique Armour Shop.
 51414 | Bazaar   | Found Gashocw's Jewellery Shop.
 51414 | Bazaar   | Found Vusol's Distillery.
 51414 | Bazaar   | Found Kaacyday's Assorted Antiques.
 51483 | Bazaar   | Bought the amulet of the Four Winds {rN+ Will+++ Clar} for
                  | 546 gold pieces
 51483 | Bazaar   | Found the amulet of the Four Winds {rN+ Will+++ Clar}
 51496 | Bazaar   | Bought a potion of haste for 180 gold pieces
 51496 | Bazaar   | Bought a potion of curing for 54 gold pieces
 51496 | Bazaar   | Bought a potion of curing for 54 gold pieces
 51504 | Bazaar   | Bought a scroll of magic mapping for 75 gold pieces
 51504 | Bazaar   | Bought a scroll of magic mapping for 75 gold pieces
 51504 | Bazaar   | Bought a scroll of magic mapping for 75 gold pieces
 51504 | Bazaar   | Bought a scroll of enchant weapon for 75 gold pieces
 51512 | Bazaar   | Bought a potion of curing for 48 gold pieces
 51512 | Bazaar   | Bought a potion of curing for 48 gold pieces
 51512 | Bazaar   | Bought 2 potions of haste for 320 gold pieces
 51512 | Bazaar   | Bought a potion of curing for 48 gold pieces
 51512 | Bazaar   | Bought 2 potions of heal wounds for 160 gold pieces
 51512 | Bazaar   | Bought a potion of cancellation for 128 gold pieces
 51512 | Bazaar   | Bought a potion of cancellation for 128 gold pieces
 51518 | Bazaar   | Bought the ring of the Piercing Fool {rN+ rCorr Stlth+} for
                  | 306 gold pieces
 51582 | Vaults:2 | Found a magical portal.
 51587 | WizLab   | Entered Zonguldrok's Shrine
 51980 | WizLab   | Noticed an antique lich
 52003 | WizLab   | Killed an antique lich
 52170 | WizLab   | Found the +9 sword of Zonguldrok {reap}
 52386 | Vaults:2 | Found Gadghizxo's Assorted Antiques.
 52837 | Vaults:2 | Found Ypto's Jewellery Boutique.
 52841 | Vaults:2 | Found Pukuych's Jewellery Boutique.
 52902 | Vaults:2 | Identified the +1 sling of Beogh's Pride {heavy, rF+
                  | Stlth+}
 53515 | D:1      | Bought a scroll of fear for 40 gold pieces
 53852 | D:14     | You paid a toll of 6 scrolls of fear to enter a treasure
                  | trove
 53853 | Trove    | Entered a treasure trove
 53895 | Trove    | Identified a scroll of acquirement
 54005 | D:14     | Killed cforsyth's ghost
 54027 | D:14     | Reached XP level 21. HP: 113/142 MP: 7/22
 54757 | Vaults:2 | Found Gixel's Antique Armour Shop.
 55019 | Vaults:3 | Received a gift from Trog
 55629 | Vaults:3 | Found a staircase to the Crypt.
 57389 | Vaults:4 | Noticed Mara
 57406 | Vaults:4 | Killed Mara
 57644 | Vaults:4 | Found Xopeasseig's Book Emporium.
 57827 | Vaults:4 | Received a gift from Trog
 58391 | Vaults:4 | Reached XP level 22. HP: 82/150 MP: 23/23
 58804 | Vaults:4 | Noticed a dread lich
 58821 | Vaults:4 | Killed a dread lich
 59636 | Elf:3    | Received a gift from Trog
 60899 | Elf:3    | Identified the +11 morningstar of the Grave {drain, Str-2
                  | Dex+6 SInv}
 61136 | Elf:3    | Identified the +7 chain mail of Moral Flaws {rN+}
 61141 | Elf:3    | Received a gift from Trog
 61344 | Elf:3    | Identified the +7 chain mail "Ferphep" {rN+ Slay+3}
 61357 | Elf:3    | Identified the +7 whip "Wuikey" {venom, rElec Str+5}
 61994 | Elf:3    | Got Qezik's Dissertation on Red Injury
 62064 | Elf:3    | Identified the staff of poison "Migrivesi" {rPois rC- rN+
                  | Will+}
 62517 | Depths:1 | Entered Level 1 of the Depths
 62568 | Depths:1 | Found a flickering gateway to a bazaar.
 62578 | Bazaar   | Entered a bazaar
 62578 | Bazaar   | Found Ifal's Weapon Boutique.
 62578 | Bazaar   | Found Opeisik's Antique Armour Shop.
 62578 | Bazaar   | Found Zuamuugi's Armour Shop.
 62584 | Bazaar   | Bought a runed hat for 105 gold pieces
 62602 | Bazaar   | Bought the +0 pair of gloves of Daisies {rC+ rN+} for 227
                  | gold pieces
 62611 | Bazaar   | Bought a faintly humming plate armour for 420 gold pieces
 62611 | Bazaar   | Identified the +0 plate armour of Femotit {rElec} (You
                  | bought it in a shop in a bazaar)
 62620 | Bazaar   | Acquired 997 gold pieces
 63110 | Depths:1 | Identified the +3 flail of the Throat {flame, rElec rPois
                  | rC- Int+4}
 63440 | Depths:1 | Found a one-way gateway to a ziggurat.
 63904 | Depths:1 | Found a gateway to Hell.
 64202 | Depths:2 | Reached XP level 23. HP: 117/158 MP: 24/24
 64351 | Depths:2 | Received a gift from Trog
 65170 | Depths:2 | Noticed the Enchantress
 65194 | Depths:2 | Killed the Enchantress
 65204 | Depths:2 | Your ally Enchantress spriggan zombie died
 65327 | Depths:2 | You are sucked into a shaft and drop 1 floor!
 65426 | Depths:3 | Paralysed by a floating eye for 3 turns
 65623 | Depths:3 | Paralysed by a floating eye for 2 turns
 65878 | Depths:2 | Found a stormy altar of Qazlal.
 65975 | Depths:2 | Noticed Vv
 66137 | Depths:2 | Found a one-way gate to the infinite horrors of the Abyss.
 66506 | Depths:2 | Killed Vv
 67891 | Depths:3 | Noticed a golden dragon
 68180 | Depths:3 | Killed a golden dragon
 68197 | Depths:3 | Identified the staff of conjuration "Guiwy" {Drain rN+++
                  | Will+ Dex-4}
 68217 | Depths:3 | Identified the +1 leather armour of Modern Birdsong {-Tele
                  | rElec rC+ Dex+7}
 68461 | Depths:3 | Received a gift from Trog
 68496 | Depths:3 | Found Nothram's Weapon Shop.
 68500 | Depths:3 | Found Qumagemo's Jewellery Shop.
 68803 | Depths:3 | Found Uxoko's Magic Scroll Shoppe.
 68819 | Depths:3 | Bought a scroll of teleportation for 54 gold pieces
 69524 | Depths:4 | Entered Level 4 of the Depths
 69949 | Depths:4 | Reached XP level 24. HP: 92/166 MP: 24/24
 70741 | Snake:2  | Bought a wand of digging (11) for 693 gold pieces
 70741 | Snake:2  | Bought a wand of digging (11) for 693 gold pieces
 71156 | Depths:4 | Identified the +1 leather armour "Hablilu" {*Corrode rF+
                  | Str+4}
 71193 | Depths:4 | Noticed a caustic shrike
 71194 | Depths:4 | Noticed a caustic shrike
 71202 | Depths:4 | Noticed a caustic shrike
 71206 | Depths:4 | Killed a caustic shrike
 71206 | Depths:4 | Noticed a caustic shrike
 71209 | Depths:4 | Killed a caustic shrike
 71215 | Depths:4 | Killed a caustic shrike
 71219 | Depths:4 | Killed a caustic shrike
 71558 | Depths:4 | Noticed a caustic shrike
 71572 | Depths:4 | Killed a caustic shrike
 71953 | Depths:4 | Found a gate to the Realm of Zot.
 72559 | Slime:1  | Entered Level 1 of the Pits of Slime
 73231 | Slime:3  | Noticed Dissolution
 73242 | Slime:2  | Killed Dissolution
 73329 | Slime:2  | Received a gift from Trog
 73685 | Slime:5  | Entered Level 5 of the Pits of Slime
 74314 | Slime:5  | Noticed the Royal Jelly
 74326 | Slime:5  | Killed the Royal Jelly
 74331 | Slime:5  | Your ally the Royal Jelly died
 74675 | Slime:5  | Found the +12 glaive of Prune {freeze, Prune}
 74683 | Slime:5  | Gained mutation: You are strong-willed. (Will+) [a shining
                  | eye]
 74706 | Slime:5  | Identified the +0 mace of Purpose {drain, rElec rF+}
 74709 | Slime:5  | Identified the +4 war axe "Muastoc" {venom, rElec rC++
                  | Dex+3}
 74711 | Slime:5  | Found the +8 trishula "Condemnation" {holy, anguish, *Noise
                  | Fly rN+}
 74715 | Slime:5  | Identified the ring "Viog" {rF+ Str+6}
 74727 | Slime:5  | Got a slimy rune of Zot
 74729 | Slime:5  | Identified the amulet "Wuephoah" {Reflect rC+ SH+5}
 74761 | Slime:5  | Identified the +8 falchion "Arbiter" {freeze, rPois rCorr
                  | SInv}
 74809 | Slime:5  | Reached skill level 1 in Polearms
 75265 | Zot:1    | Entered Level 1 of the Realm of Zot
 76153 | Depths:4 | Reached skill level 5 in Polearms
 76402 | Depths:4 | Gained mutation: Your magical capacity is low. (-10% MP)
                  | [mutagenic glow]
 76411 | Depths:4 | Gained mutation: Your spells are a little easier to cast,
                  | but a little less powerful. [mutagenic glow]
 77257 | Zot:1    | Received a gift from Trog
 77258 | Zot:1    | Reached XP level 25. HP: 140/172 MP: 21/21
 78809 | Zot:2    | Reached skill level 10 in Polearms
 80150 | Zot:3    | Received a gift from Trog
 80723 | Zot:5    | Entered Level 5 of the Realm of Zot
 81904 | Zot:5    | Noticed an orb of fire
 81913 | Zot:5    | Noticed an orb of fire
 81914 | Zot:5    | Killed an orb of fire
 82168 | Zot:4    | Gained mutation: Your system is resistant to poisons.
                  | (rPois) [an orb of fire]
 82174 | Zot:4    | Gained mutation: You are clumsy. (Dex -2) [an orb of fire]
 82186 | Zot:4    | Killed an orb of fire
 82618 | Zot:5    | Noticed a dread lich
 82637 | Zot:5    | Killed a dread lich
 82653 | Zot:5    | Noticed a Killer Klown
 82681 | Zot:5    | Killed a Killer Klown
 82737 | Zot:5    | Noticed a dread lich
 82762 | Zot:5    | Killed a dread lich
 83044 | Zot:5    | Reached XP level 26. HP: 164/179 MP: 21/21
 84233 | Zot:5    | Noticed an orb of fire
 84250 | Zot:5    | Gained mutation: Your magical capacity is very low. (-20%
                  | MP) [an orb of fire]
 84257 | Zot:5    | Lost mutation: Your magical capacity is very low. (-20% MP)
                  | [an orb of fire]
 84259 | Zot:5    | Gained mutation: You are vulnerable to cold. (rC-) [an orb
                  | of fire]
 84262 | Zot:5    | Killed an orb of fire
 84297 | Zot:5    | Noticed an ancient lich
 84309 | Zot:5    | Killed an ancient lich
 84487 | Zot:5    | Noticed a Killer Klown
 84512 | Zot:5    | Killed a Killer Klown
 84574 | Zot:5    | Noticed an ancient lich
 84575 | Zot:5    | Received a gift from Trog
 84582 | Zot:5    | Killed an ancient lich
 84608 | Zot:5    | Noticed a Killer Klown
 84628 | Zot:5    | Killed a Killer Klown
 84758 | Zot:5    | Noticed an ancient lich
 84762 | Zot:5    | Noticed a dread lich
 84803 | Zot:5    | Killed an ancient lich
 84803 | Zot:5    | Noticed an orb of fire
 84805 | Zot:5    | Gained mutation: You occasionally lose the ability to drink
                  | potions when taking damage. [an orb of fire]
 85150 | Zot:4    | Lost mutation: You are clumsy. (Dex -2) [potion of
                  | mutation]
 85150 | Zot:4    | Lost mutation: You are strong-willed. (Will+) [potion of
                  | mutation]
 85150 | Zot:4    | Gained mutation: You occasionally shout uncontrollably at
                  | your foes. [potion of mutation]
 85151 | Zot:4    | Lost mutation: You occasionally shout uncontrollably at
                  | your foes. [potion of mutation]
 85151 | Zot:4    | Lost mutation: You occasionally lose the ability to drink
                  | potions when taking damage. [potion of mutation]
 85151 | Zot:4    | Lost mutation: You are vulnerable to cold. (rC-) [potion of
                  | mutation]
 85151 | Zot:4    | Gained mutation: You passively map a small area around you.
                  | [potion of mutation]
 85326 | Zot:5    | Noticed an ancient lich
 85415 | Zot:4    | Killed an orb of fire
 85636 | Zot:4    | Killed a dread lich
 85758 | Zot:5    | Killed an ancient lich
 85937 | Zot:5    | Got the Orb of Zot
 86001 | Zot:4    | Noticed Rakaulao the pandemonium lord
 86131 | Depths:3 | Noticed Haweady the pandemonium lord
 86356 | D:7      | Noticed Ireph the pandemonium lord
 86497 | D:$      | Escaped with the Orb!

Illustrated notes

Levels and vault maps discovered:
D:1:      co_arrival_square_in_a_square_in_a_square, layout_basic, serial_shops,
          shop_fountains, hellmonk_ecumenical_altar_crossroads
D:2:      minmay_skewed_foursquare, layout_basic
D:3:      layout_loops_ring, makhleb_altar_promises_db, fedhas_ov_isle_minmay,
          serial_shops, nicolae_shop_bloodbath_and_beyond,
          nicolae_shop_statue_plus, nicolae_diamond_shop,
          kennysheep_generic_room_11
D:4:      layout_loops_ring, mainiacjoe_overflow_cross_hatched,
          corexii_leaking_fountain, minmay_manual_macuahuitl
D:5:      layout_loops_cross, grunt_temple_overflow_order_and_chaos_1,
          general_overflow_altar, amcnicky_altar_gilded, nicolae_half_adder
D:6:      layout_loops_corners, nzn_hepliaklqana_mist_gate
D:7:      layout_cave_pods, temple_statues, uniq_menkaure
D:8:      layout_basic, marbit_many_paths, nicolae_barding_shop
D:9:      layout_long_grid, kennysheep_little_box, slow_altar_1,
          overflow_temple_1_default, grunt_lair_entry_orc_guard_hut
D:10:     layout_basic, mainiacjoe_overflow_alcove_4
D:11:     layout_basic, gauntlet_entry_generic, uniq_erica, uniq_sonja
D:12:     layout_loops_ring, minmay_orc_entry_temple_small
D:13:     layout_layer_cave, david_vaults_1, ebering_ghost_funeral_grove
D:14:     layout_layer_cave, enter_trove_1, portal_ice_cave_entry_dragon,
          gammafunk_ghost_necromancy, grunt_decor_junction,
          minmay_misc_feat_iff, minmay_hedge_maze
D:15:     grunt_enter_depths_snipers, layout_loops_ring, minivault_23,
          st_stairs_5
Lair:1:   layout_small_grid, grunt_megastairs_3, serial_bayou_shore_b,
          lemuel_fruit_tree
Lair:2:   layout_chaotic_city, swamp_mist, beast_lair_carwin_3,
          infiniplex_staircase_pool_2
Lair:3:   layout_chaotic_city, guppyfry_snake_entry_garden, lemuel_fruit_fields,
          serial_bayou_shore_a
Lair:4:   layout_regular_city, dpeg_slime_entry_enclosed, lemuel_fruit_fields,
          grunt_megastairs_1, lemuel_fruit_fields, infiniplex_staircase_pool
Lair:5:   evilmike_catoblepas_cave, layout_gridlike, grunt_megastairs_5,
          uniq_urug
Swamp:1:  layout_falls_marsh, lemuel_altar_in_water
Swamp:2:  layout_basic_swamp, basic_altar, hangedman_swamp_dais
Swamp:3:  layout_basic_swamp, evilmike_swamp_ruin_house_1, swamp_pool4,
          worms_lemuel
Swamp:4:  swamp_icy, layout_basic_swamp, ebering_ghost_inner_flame
Snake:1:  layout_chambers, gammafunk_ghost_arena, basic_altar, serial_shops,
          shop_statue, uniq_roxanne
Snake:2:  kennysheep_snake, layout_chambers, serial_shops, shop,
          nicolae_shop_overcharged_wands
Snake:3:  layout_cave_town, nicolae_snake_salamander_stairs
Snake:4:  minmay_snake_end_coiled, layout_onion_interference
Slime:1:  layout_caves, cheibrodos_slime_lost_civilization_6
Slime:2:  layout_caves, basic_altar
Slime:3:  layout_caves, dissolution_awaits
Slime:4:  nicolae_slime_infinislime, layout_caves
Slime:5
Orc:1:    layout_caves
Orc:2:    pf_orc_diabolical, layout_caves
Elf:1:    nicolae_elf_arrival_fired_up, layout_geoelf_grid,
          serial_co_window_serial, co_window_of_opportunity_a,
          co_window_of_opportunity_a, co_window_corner_a, co_window_corner_a,
          co_window_corner_a, co_window_paths_b, co_window_of_opportunity_b,
          co_window_cross_2, co_window_corner_cb, co_window_paths_c,
          co_window_broadway_a, co_window_4corner_a, glass_columns_a,
          glass_columns_c, uniq_zenata
Elf:2:    elven_hall_of_blades_hangedman_alternative
          [infiniplex_blade_entry_pillars], layout_rooms, roderic_roman_lattice,
          grunt_ministairs_6, nicolae_stop_n_shop_2,
          nicolae_elf_big_sculpture_1, dk_noncrumbling_2, abandoned_shop,
          columned_hall_lemuel, uniq_agnes, uniq_aizul
Elf:3:    minmay_elf_hall_x, layout_onion_city
Vaults:1: hangedman_vaults_slither, nicolae_vaults_network_periphery,
          hangedman_vaults_hat, ontoclasm_vaults_ring_large, vaults_room_pool,
          ontoclasm_vaults_twist, st_cells, nicolae_vaults_big_ls,
          nicolae_vaults_shelves_hall, v_pattern_1, vaults_dpeg_ring,
          vaults_dpeg_hooks, layout_vaults_omnicross, uniq_asterion
Vaults:2: mu_enter_wizlab_2, nicolae_vaults_little_squares_5, v_misc_9,
          v_misc_25, ontoclasm_vaults_gateway, nicolae_vaults_little_squares_1,
          hangedman_vaults_unwind, ontoclasm_vaults_hangar,
          hangedman_vaults_nodes, ontoclasm_vaults_pinch,
          vaults_dpeg_encased_lava, v_misc_11, hangedman_vaults_slice,
          vaults_dpeg_emergency_exit, hangedman_vaults_slice,
          nicolae_vaults_little_ls, layout_vaults_ring, serial_shops,
          freezing_bzr, shop, nicolae_shop_hallway_plus, nicolae_diamond_shop,
          shop
Vaults:3: hangedman_vaults_pinch, ontoclasm_vaults_fault, vaults_mumra_hex,
          minmay_crypt_entry_simple_box, v_alt_pattern_1,
          nicolae_vaults_three_branches, nicolae_vaults_mini_display_case,
          vaults_mumra_minichess, nicolae_vaults_little_squares_4, v_misc_23,
          v_misc_26, ontoclasm_vaults_gallery, layout_vaults_big_room
Vaults:4: nicolae_vaults_windows_and_doors_thing, v_rooms_2, v_misc_25,
          nicolae_vaults_asterisk, ontoclasm_vaults_ring_square, st_cross,
          hangedman_vaults_snaps, v_pattern_4, nicolae_vaults_theta,
          hangedman_vaults_corner_blocks, v_misc_12, vaults_mumra_lcd,
          vaults_room_door_hall, serial_ice_h, nicolae_vaults_angled_halls,
          layout_vaults_omnibox, serial_shops, nicolae_diamond_shop, uniq_mara
Depths:1: layout_forbidden_donut, enter_ziggurat_b, hell_entry, serial_shops,
          bzr_entry_customers, kennysheep_cross_room, minivault_15,
          grunt_tough_drop, grunt_megastairs_4
Depths:2: kennysheep_scales, layout_basic, serial_sigils_hangedman_gnaw,
          abyss_entry_small_statue_room, hell_entry, rand_demon_pan_entry_7,
          nicolae_qazlal_general_emergency, uniq_enchantress, uniq_vv
Depths:3: kennysheep_demon_jail, layout_gridville, minmay_misc_feat_tower,
          serial_shops, nicolae_inconvenience_store, abyss_entry,
          grunt_pan_entry_sceptre, hell_entry, minmay_pinched_square,
          infiniplex_staircase_spiral, minmay_shop_star
Depths:4: evilmike_zot_entry_diamond, layout_gridlike, hell_entry,
          hangedman_abyss_entry_splay, serial_bayou, serial_bayou_crossing,
          serial_bayou_lake_a, serial_bayou_pond_d, serial_bayou_shore_b,
          serial_bayou_pond_e
Zot:1:    layout_gridlike, nicolae_rock_paper_scissors
Zot:2:    gammafunk_its_a_trap, layout_misc_corridors,
          hangedman_elemental_grid_stream
Zot:3:    layout_gridlike
Zot:4:    layout_gridlike
Zot:5:    layout_twisted_circle

Skill      XL: |  1  2  3  4  5  6  7  8  9 10 11 12 13 14 15 16 17 18 19 20 21 22 23 24 25 26 |
---------------+-------------------------------------------------------------------------------+-----
Long Blades    | 3 4 5 6 8 10 12 14 15 | 15.4
Fighting       | 4 5 7 8 9 10 12 13 14 15 16 17 18 19 20 21 22 | 22.1
Dodging        | 3 6 8 10 12 13 14 15 16 17 20 21 22 23 | 23.7
Armour         | 4 7 9 11 12 13 14 16 17 18 19 20 21 22 | 22.4
Shields        | 8 11 13 14 15 16 17 18 19 20 21 23 | 23.2
Ranged Weapons | 11 14 | 14.0
Polearms       | 7 14 | 14.0

Action                     |  1- 3 |  4- 6 |  7- 9 | 10-12 | 13-15 | 16-18 | 19-21 | 22-24 | 25-27 || total
---------------------------+-------+-------+-------+-------+-------+-------+-------+-------+-------++-------
  Melee: Long sword        |    87 |   113 |   191 |       |       |    45 |       |       |       ||   436
         Kick              |    23 |    25 |    83 |   165 |   413 |   345 |   941 |  1002 |   591 ||  3588
         Peck              |     7 |    12 |    58 |   119 |   246 |   252 |   640 |   635 |   369 ||  2338
         Falchion          |       |       |    93 |   294 |       |       |       |       |       ||   387
         Scimitar          |       |       |       |   170 |       |       |       |       |       ||   170
         Demon blade       |       |       |       |    48 |  1037 |   835 |   755 |   214 |       ||  2889
         Double sword      |       |       |       |       |       |       |  1054 |  1577 |   712 ||  3343
         Trishula          |       |       |       |       |       |       |       |       |   307 ||   307
   Fire: Greatsling        |       |       |       |       |    19 |   762 |   150 |    90 |       ||  1021
  Throw: Dart              |       |       |       |     2 |       |       |       |       |       ||     2
         Throwing net      |       |       |       |       |       |       |       |     1 |       ||     1
 Invoke: Berserk           |       |     2 |     5 |     5 |     6 |     5 |     5 |     3 |     4 ||    35
         Brothers in Arms  |       |       |       |     2 |     8 |     2 |     9 |     6 |     3 ||    30
         Trog's Hand       |       |       |       |     1 |     4 |     1 |     8 |     3 |     4 ||    21
  Evoke: Wand              |       |       |       |    14 |    14 |       |     4 |     4 |    15 ||    51
         Phantom mirror    |       |       |       |       |     1 |       |     1 |     1 |       ||     3
         Condenser vane    |       |       |       |       |       |       |       |     1 |       ||     1
    Use: Scroll            |       |       |    21 |    12 |    13 |     4 |     7 |    28 |    11 ||    96
         Potion            |       |       |       |     4 |     8 |     2 |     3 |     7 |    16 ||    40
   Stab: Invisible         |       |       |       |     1 |       |       |       |       |       ||     1
         Distracted        |       |       |       |       |       |     2 |     7 |    29 |     6 ||    44
         Sleeping          |       |       |       |       |       |       |     1 |       |       ||     1
 Armour: Scale mail        |    39 |    38 |       |       |    63 |       |       |       |       ||   140
         Chain mail        |       |    11 |    98 |   121 |    46 |     5 |       |       |       ||   281
         Plate armour      |       |       |       |       |    70 |       |       |       |       ||    70
         Ice dragon scales |       |       |       |       |    23 |    28 |       |       |       ||    51
         Pearl dragon scal |       |       |       |       |       |    82 |       |       |       ||    82
         Fire dragon scale |       |       |       |       |       |    14 |       |    84 |       ||    98
         Swamp dragon scal |       |       |       |       |       |    50 |   182 |    35 |       ||   267
         Acid dragon scale |       |       |       |       |       |       |       |    38 |       ||    38
         Gold dragon scale |       |       |       |       |       |       |       |   255 |   385 ||   640
  Dodge: Dodged            |    43 |    55 |   105 |   265 |   654 |   549 |  1133 |  1068 |   356 ||  4228
  Block: Buckler           |    20 |    21 |    53 |    83 |   253 |       |       |       |       ||   430
         Kite shield       |       |       |       |       |    52 |   721 |  1347 |  1195 |   456 ||  3771
         Reflection        |       |       |       |       |       |    14 |    37 |       |       ||    51
         Tower shield      |       |       |       |       |       |       |       |       |   143 ||   143

Table legend: (Time is in decaauts)
 A = Elapsed time spent in this place.
 B = Non-inter-level travel time spent in this place.
 C = Inter-level travel time spent in this place.
 D = Time resting spent in this place.
 E = Time spent auto-exploring this place.
 F = Levels seen in this place.
 G = Mean time per level.
                   A        B        C        D        E       F      G
               +--------+--------+--------+--------+--------+-----+--------+
         Total |  80988 |  73726 |   7262 |  32593 |  23989 |  56 | 1446.2 |
       Dungeon |  20369 |  16910 |   3459 |   5406 |   8597 |  15 | 1357.9 |
          Lair |   7465 |   6532 |    933 |   2686 |   2667 |   5 | 1493.0 |
         Swamp |   4067 |   3978 |     89 |   1667 |   1168 |   4 | 1016.8 |
     Snake Pit |  10046 |   9635 |    411 |   4963 |   2886 |   4 | 2511.5 |
    Slime Pits |   1788 |   1717 |     71 |    974 |     25 |   5 |  357.6 |
  Orcish Mines |   3532 |   2852 |    680 |   1320 |    821 |   2 | 1766.0 |
   Elven Halls |   5661 |   5301 |    360 |   2158 |   2011 |   3 | 1887.0 |
        Vaults |   7779 |   7429 |    350 |   2559 |   2781 |   4 | 1944.8 |
        Depths |  10068 |   9406 |    662 |   4945 |   2337 |   4 | 2517.0 |
           Zot |   8827 |   8584 |    243 |   5285 |    594 |   5 | 1765.4 |
        Bazaar |    154 |    154 |      0 |     64 |     17 |   2 |   77.0 |
         Trove |     70 |     70 |      0 |      0 |      6 |   1 |   70.0 |
      Ice Cave |    532 |    532 |      0 |    320 |      6 |   1 |  532.0 |
        Wizlab |    622 |    622 |      0 |    240 |     68 |   1 |  622.0 |
               +--------+--------+--------+--------+--------+-----+--------+

Top non-repeatable levels by time:
 Snake:2: 3642 daAuts
    D:13: 3239 daAuts
Depths:4: 3094 daAuts
Depths:2: 3082 daAuts
 Snake:3: 2891 daAuts
   Orc:2: 2866 daAuts
   Zot:5: 2709 daAuts
Vaults:1: 2512 daAuts
   Zot:4: 2339 daAuts
   Zot:1: 2339 daAuts
   Elf:3: 2307 daAuts
  Lair:4: 2101 daAuts
   Elf:1: 2038 daAuts
Vaults:3: 1993 daAuts
    D:14: 1970 daAuts
